 Dungeon Crawl Stone Soup version 0.27.1 (webtiles) character file.

Game seed: 17290047313673256715

3154 MajorAdolf the Covert (level 9, -14/86 HPs)
             Began as a Naga Wanderer on Aug 21, 2021.
             Was an Initiate of Gozag.
             Demolished by a two-headed ogre (20 damage)
             ... on level 9 of the Dungeon.
             The game lasted 00:26:57 (14922 turns).

MajorAdolf the Covert (Naga Wanderer)              Turns: 14922, Time: 00:26:57

Health: -14/86     AC:  6    Str: 14    XL:     9   Next: 93%
Magic:  6/13       EV:  7    Int: 16    God:    Gozag
Gold:   902        SH: 10    Dex: 11    Spells: 10/13 levels left

rFire    + . .     SeeInvis +   r - +2 flail (venom)
rCold    + . .     Faith    .   f - +1 kite shield
rNeg     . . .     Spirit   .   q - +0 leather armour
rPois    +         Reflect  .   t - +0 helmet
rElec    .         Harm     .   s - scarf {rC+ rF+}
rCorr    .         Rampage  .   (no gloves)
Will     +....                  (no barding)
Stlth    ++++......             (no amulet)
HPRegen  0.24/turn              e - +4 ring of slaying
MPRegen  0.13/turn              (no ring)

@: confusing by touch, very slightly contaminated, very slow
A: AC +3, large, see invisible, deformed body, poison resistance, slowness 2,
spit poison 1, naga tail 1
a: Spit Poison, Renounce Religion, Potion Petition, Call Merchant, Bribe Branch


You were on level 9 of the Dungeon.
You worshipped Gozag.
Gozag was pleased with you.
You visited 2 branches of the dungeon, and saw 10 of its levels.

You collected 1022 gold pieces.
You paid 120 gold pieces to Gozag.

Inventory:

Hand Weapons
 a - a +2 dagger
 c - a +0 shortbow
 r - a +2 flail of venom (weapon)
 z - a +1 dagger of holy wrath
Missiles
 b - 64 poisoned darts
 d - 91 arrows
 p - 57 sling bullets
Armour
 f - a +1 kite shield (worn)
 q - a +0 leather armour (worn)
 s - a scarf of resistance (worn)
 t - a +0 helmet (worn)
Magical Staves
 k - a staff of air
Jewellery
 e - a +4 ring of slaying (left hand)
 D - a ring of fire
Wands
 u - a wand of acid (10)
 y - a wand of iceblast (3)
 C - a wand of polymorph (9)
Scrolls
 g - a scroll of acquirement {unknown}
 h - a scroll of magic mapping
 i - a scroll of summoning {unknown}
 o - 2 scrolls of fear
 A - a scroll of holy word {unknown}
 B - a scroll of enchant weapon {unknown}
Potions
 j - a potion of attraction {unknown}
 l - a potion of mutation {unknown}
 m - a potion of resistance {unknown}
 n - 3 potions of might {unknown}
 v - a potion of brilliance {unknown}
 w - 2 potions of cancellation {unknown}


   Skills:
 + Level 7.1 Fighting
 - Level 2.0 Axes
 - Level 3.2 Armour
 + Level 10.9 Stealth
 + Level 5.4 Shields
 + Level 2.7 Spellcasting
 + Level 2.9 Hexes
 + Level 4.6 Evocations


You had 10 spell levels left.
You knew the following spells:

 Your Spells              Type           Power      Damage    Failure   Level
a - Confusing Touch       Hex            11%        N/A       41%         3

Your spell library contained the following spells:

 Spells                   Type           Power      Damage    Failure   Level
 Slow                     Hex            11%        N/A       22%         2
 Sandblast                Erth           4%         2d4       45%         1
 Passwall                 Tmut/Erth      1%         N/A       58%         2
 Dazzling Flash           Conj/Hex       12%        N/A       63%         3
 Portal Projectile        Hex/Tloc       12%        N/A       63%         3
 Summon Guardian Golem    Hex/Summ       6%         N/A       63%         3
 Call Canine Familiar     Summ           2%         N/A       83%         3
 Leda's Liquefaction      Hex/Erth       3%         N/A       95%         4
 Agony                    Necr           2%         N/A       100%        5
 Alistair's Intoxication  Tmut/Pois      1%         N/A       100%        5
 Borgnjor's Vile Clutch   Necr/Erth      1%         N/A       100%        5
 Lee's Rapid Deconstruct  Erth           1%         3d5*      100%        5
 Silence                  Hex/Air        3%         N/A       100%        5
 Yara's Violent Unravell  Hex/Tmut       3%         3d4       100%        5
 Eringya's Noxious Bog    Tmut/Pois      1%         N/A       100%        6
 Orb of Destruction       Conj           1%         N/A       100%        7
 Spellforged Servitor     Conj/Summ      1%         N/A       100%        7


Dungeon Overview and Level Annotations

Branches:
Dungeon (9/15)             Temple (1/1) D:5            Lair (0/6) D:8
    Orc: D:9-12

Altars:
Ashenzari
Cheibriados
Dithmenos
Elyvilon
Fedhas
Gozag
Kikubaaqudgha
Makhleb
Nemelex Xobeh
Okawaru
Qazlal
Ru
Sif Muna
Trog
Uskayaw
Vehumet
Wu Jian
Xom
Yredelemnul
Zin
The Shining One

Annotations:
D:1 exclusion: downstairs
D:4 exclusions: door and 3 lemures, Grinder, Pikel
D:5 exclusion: statue


Innate Abilities, Weirdness & Mutations

Your serpentine skin is tough. (AC +3)
You have supernaturally acute eyesight. (SInv)
Armour fits poorly on your strangely shaped body.
Your system is resistant to poisons. (rPois)
You cover ground very slowly.
You can spit poison.
You have a snake-like lower body.


Message History

Found a falchion.
g - a scroll labelled FEGGUU YFUVOM You see here a +0 falchion.
A two-headed ogre comes into view. It is wielding two +0 giant clubs.
A two-headed ogre is nearby!
Okay, then.
Casting: Confusing Touch (dangerous; 41% risk of failure)
Confirm with . or Enter, or press ? or * to list all spells.
Your hands begin to glow red.
Your hands stop glowing.
The helpless two-headed ogre fails to defend itself.
You bludgeon the two-headed ogre!!
The two-headed ogre is moderately wounded.
You block the two-headed ogre's attack.
The two-headed ogre hits you but does no damage.
Unknown command.
Casting: Confusing Touch (dangerous; 41% risk of failure)
Confirm with . or Enter, or press ? or * to list all spells.
You miscast Confusing Touch.
You are very lightly contaminated with residual magic.
Nothing appears to happen.
The two-headed ogre hits you with a +0 giant club!
You block the two-headed ogre's attack.
Casting: Confusing Touch (dangerous; 41% risk of failure)
Confirm with . or Enter, or press ? or * to list all spells.
Your hands begin to glow red.
The two-headed ogre hits you but does no damage.
You block the two-headed ogre's attack.
Unknown command.
You hit the two-headed ogre but do no damage.
The two-headed ogre is moderately wounded.
The two-headed ogre hits you with a +0 giant club!!
The two-headed ogre hits you with a +0 giant club!
You barely miss the two-headed ogre.
The two-headed ogre is moderately wounded.
The two-headed ogre hits you with a +0 giant club!!
* * * LOW HITPOINT WARNING * * *
The two-headed ogre hits you with a +0 giant club!!
You die...
Your body crumbles into a pile of gold.

........)######..........#
......................)..#
....####.................#
....# #.#################
....# #.# ##. #.#
#..####.#
#.......###############
#..............@O......
..............##########
...#########..# .. #..# #
#..# #..# #..# #..# ..#


You could see a two-headed ogre.

Vanquished Creatures
  A vampire (D:9)
  2 steam dragons
  2 wargs (D:8)
  4 orc warriors
  Duvessa (D:7)
  2 sky beasts (D:7)
  A centaur (D:8)
  2 phantoms
  2 bullfrogs (D:8)
  Dowan (D:7)
  A scorpion (D:5)
  7 killer bees (D:8)
  A jelly (D:7)
  12 orc priests
  A gnoll shaman (D:5)
  3 hounds
  A bullfrog skeleton (D:7)
  3 iguanas
  A scorpion zombie (D:5)
  5 orc wizards
  A killer bee zombie (D:7)
  15 gnolls
  5 adders
  2 shadow imps (D:8)
  A white imp (D:5)
  An adder zombie (D:5)
  3 dart slugs
  26 orcs
  4 bats
  3 endoplasms
  A giant cockroach (D:2)
  4 goblins
  6 hobgoblins
  2 jackals (D:4)
  4 kobolds
  5 quokkas
  A ball python (D:1)
  4 frilled lizards
  4 rats
145 creatures vanquished.

Vanquished Creatures (others)
  A plant (D:8)
1 creature vanquished.

Grand Total: 146 creatures vanquished

Notes
Turn   | Place    | Note
-------+----------+-------------------------------------------
     0 | D:1      | MajorAdolf the Naga Wanderer began the quest for the Orb.
     0 | D:1      | MajorAdolf set off with the following items: a +2 dagger, a
                  | scroll of blinking, a +0 shortbow, 21 arrows, a +0 ring
                  | mail
     0 | D:1      | Reached XP level 1. HP: 19/19 MP: 1/1
   514 | D:1      | Reached XP level 2. HP: 26/26 MP: 2/2
   977 | D:1      | Reached skill level 4 in Stealth
  1587 | D:1      | Reached XP level 3. HP: 33/33 MP: 3/3
  1882 | D:2      | Reached skill level 1 in Shields
  2179 | D:2      | Found a blossoming altar of Fedhas.
  2782 | D:3      | Reached XP level 4. HP: 36/40 MP: 4/4
  3404 | D:3      | Found a faded altar of an unknown god.
  3480 | D:4      | Reached skill level 5 in Stealth
  3777 | D:2      | HP: 2/42 [gnoll shaman (10)]
  4451 | D:3      | Reached XP level 5. HP: 29/49 MP: 5/5
  5701 | D:4      | Noticed Grinder
  5780 | D:4      | Noticed Pikel
  5780 | D:4      | Noticed a lemure
  5780 | D:4      | Noticed a lemure
  5780 | D:4      | Noticed a lemure
  5801 | D:5      | Entered Level 5 of the Dungeon
  5994 | D:5      | Reached skill level 6 in Stealth
  6102 | D:5      | Found a staircase to the Ecumenical Temple.
  6108 | D:5      | Found a radiant altar of Vehumet.
  6109 | D:5      | Noticed a charred statue
  6156 | D:5      | Reached XP level 6. HP: 45/57 MP: 6/6
  6521 | D:4      | HP: 1/57 [phantom (8)]
  6527 | D:4      | Reached skill level 7 in Stealth
  6916 | D:4      | Found a basalt altar of Yredelemnul.
  7098 | D:5      | Reached XP level 7. HP: 52/66 MP: 7/7
  7797 | Temple   | Entered the Ecumenical Temple
  7916 | Temple   | Became a worshipper of Gozag Ym Sagoz the Greedy
  8291 | D:6      | Reached skill level 5 in Fighting
  8291 | D:6      | Reached skill level 8 in Stealth
  8958 | D:7      | Found a shadowy altar of Dithmenos.
  8984 | D:7      | Noticed a steam dragon
  8991 | D:7      | Killed a steam dragon
  8992 | D:7      | Reached skill level 1 in Evocations
  8992 | D:7      | Reached XP level 8. HP: 58/75 MP: 8/8
  9276 | D:7      | Reached skill level 9 in Stealth
 10202 | D:7      | Noticed Duvessa
 10207 | D:7      | Killed Duvessa
 10207 | D:7      | Noticed Dowan
 10212 | D:7      | Killed Dowan
 10775 | D:7      | Found a shimmering altar of Xom.
 11145 | D:8      | Learned a level 3 spell: Confusing Touch
 11297 | D:8      | Reached XP level 9. HP: 74/82 MP: 9/9
 11307 | D:8      | Reached skill level 10 in Stealth
 11433 | D:8      | Found a staircase to the Lair.
 11451 | D:8      | Reached skill level 1 in Spellcasting
 11451 | D:8      | Reached skill level 1 in Hexes
 11793 | D:8      | Reached skill level 5 in Shields
 13495 | D:8      | Found a glowing silver altar of Zin.
 14497 | D:9      | HP: 3/86 [orc priest/divine providence (10)]
 14908 | D:9      | Noticed a two-headed ogre
 14922 | D:9      | Demolished by a two-headed ogre

Illustrated notes

Levels and vault maps discovered:
D:1:      dpeg_arrival_three_same_balls, layout_basic, minivault_5,
          glass_columns_a
D:2:      layout_rooms, basic_altar
D:3:      layout_rooms, basic_ecumenical_altar
D:4:      layout_gridville, yredelemnul_altar_generic, uniq_grinder, uniq_pikel
D:5:      layout_basic, vehumet_statue, minmay_temple_entry_metal_lava,
          portal_sewer_entry_d, minmay_between
D:6:      layout_gridville, hangedman_decor_opposing
D:7:      layout_basic, nicolae_dithmenos_the_darkroom, kennysheep_mini_moat,
          uniq_duvessa
D:8:      layout_cave_pods, mainiacjoe_overflow_alcove_4,
          erik_lair_orcish_takeover
D:9:      layout_small_grid, nicolae_hepliaklqana_hazy_memory
Temple:   kb_temple_of_zot

Skill      XL: |  1  2  3  4  5  6  7  8  9 |
---------------+----------------------------+-----
Stealth        | 4 5 6 7 8 9 10 | 10.9
Shields        | 1 2 3 4 5 |  5.4
Fighting       | 3 4 5 6 7 |  7.1
Evocations     | 1 3 4 |  4.6
Spellcasting   | 2 |  2.7
Hexes          | 2 |  2.9
Axes           | |  2.0
Armour         | |  3.2

Action                   |  1- 3 |  4- 6 |  7- 9 || total
-------------------------+-------+-------+-------++-------
Melee: Dagger            |    57 |    34 |     8 ||    99
       Flail             |       |   100 |   231 ||   331
 Cast: Confusing Touch   |       |       |     2 ||     2
 Abil: Spit Poison       |    32 |    31 |    16 ||    79
Evoke: Wand              |       |       |     8 ||     8
  Use: Scroll            |       |     9 |       ||     9
       Potion            |       |     4 |     2 ||     6
 Stab: Sleeping          |       |     1 |     6 ||     7
Armor: Skin              |       |     1 |       ||     1
       Leather armour    |       |    23 |    59 ||    82
Dodge: Dodged            |    19 |    39 |    80 ||   138
Block: Kite shield       |    27 |    59 |   166 ||   252
